 Dungeon Crawl Stone Soup version 0.21.1-1-g345015fe64 (webtiles) character file.

68 xijinping the Insei (level 4, -1/28 HPs)
             Began as an Octopode Transmuter on Mar 12, 2018.
             Slain by an adder (5 damage)
             ... on level 2 of the Dungeon.
             The game lasted 00:03:53 (1445 turns).

xijinping the Insei (Octopode Transmuter)           Turns: 1445, Time: 00:03:53

Health: -1/28      AC:  1    Str:  9 (10) XL:     4   Next: 19%
Magic:  7/7        EV: 13    Int: 14 (15) God:
Gold:   69         SH:  0    Dex:  9 (12) Spells: 6/7 levels left

rFire    . . .     SeeInvis .     - Unarmed
rCold    . . .     Gourm    .   (no shield)
rNeg     . . .     Faith    .   (helmet restricted)
rPois    .         Spirit   .   (no amulet)
rElec    .         Reflect  .   (no ring)
rCorr    .         Harm     .   (no ring)
MR       .....                  (no ring)
Stlth    ++........             (no ring)
HPRegen  0.09/turn              (no ring)
MPRegen  0.10/turn              (no ring)
                                (no ring)
                                (no ring)

@: lethally poisoned (-1 -> -12)
A: almost no armour, stealthy swim, amphibious, 8 rings, constrict 8, camouflage
1, gelatinous body 1
a: no special abilities


You were on level 2 of the Dungeon.
You were hungry.

You visited 1 branch of the dungeon, and saw 2 of its levels.

You collected 69 gold pieces.

Inventory:

Missiles
 a - 38 arrows
Scrolls
 d - 3 scrolls of enchant armour {unknown}
 e - a scroll of amnesia {unknown}
 g - a scroll of remove curse {unknown}
 h - a scroll of identify {unknown}
 j - a scroll of fog {unknown}
Books
 b - a book of Changes

   Spells                             Type                      Level
   a - Beastly Appendage              Transmutation                1
   b - Sticks to Snakes               Transmutation                2
   c - Spider Form                    Transmutation/Poison         3
   d - Ice Form                       Ice/Transmutation            4
   e - Blade Hands                    Transmutation                5
Comestibles
 c - 5 rations


   Skills:
 - Level 1.0 Fighting
 - Level 2.1 Dodging
 - Level 1.0 Stealth
 * Level 4.5 Unarmed Combat
 - Level 2.1 Spellcasting
 - Level 2.3 Transmutations


You had 6 spell levels left.
You knew the following spells:

 Your Spells              Type           Power        Failure   Level  Hunger
a - Beastly Appendage     Tmut           #.....       9%          1    ##.....


Dungeon Overview and Level Annotations

Branches:
Dungeon (2/15)

Altars:
Uskayaw


Innate Abilities, Weirdness & Mutations

You cannot wear most types of armour.
You are very stealthy in the water. (Stealth+)
You are amphibious.
You can wear up to eight rings at the same time.
You can use your tentacles to constrict eight enemies at once.
Your skin changes colour to match your surroundings (Stealth+).
Your rubbery body absorbs attacks. (AC +1, EV +1)


Message History

There was something very wrong with that liquid.
You feel weakened.
You feel dopey.
You feel clumsy.
You feel sick. The adder barely misses you. The adder bites you.
* * * LOW HITPOINT WARNING * * *
You are lethally poisoned!
The adder poisons you!
You closely miss the adder. Your grab misses the adder.
The adder is severely wounded.
* * * LOW HITPOINT WARNING * * *
You feel sick. The adder completely misses you.
You barely miss the adder. Your grab misses the adder.
Your squeeze misses the adder.
The adder is severely wounded.
* * * LOW HITPOINT WARNING * * *
You feel sick. The adder bites you.
* * * LOW HITPOINT WARNING * * *
You barely miss the adder. Your grab misses the adder.
The adder is severely wounded.
The adder bites you.
You die...

.. .. .# # ######.# #.
#....#.# #.####.##.#.#####
#.......#.#.)...#
###[....#@Sg....##########
#.###.##########........
#<..#... #.....#.#######
########.####.#.###.#.#
#.............#.#...#.#
#.######.######.#####.#
#......#.....#.#
######.#...#.#.#
#...#.#.#.#


You could see an adder and a hobgoblin.

Vanquished Creatures
  2 adders (D:2)
  3 dart slugs
  3 leopard geckos
  7 bats
  A giant cockroach (D:1)
  5 goblins
  3 hobgoblins (D:1)
  6 kobolds
  A quokka (D:2)
  2 ball pythons
  2 frilled lizards (D:1)
  5 rats
40 creatures vanquished.

Notes
Turn   | Place    | Note
-------+----------+-------------------------------------------
     0 | D:1      | xijinping the Octopode Transmuter began the quest for the Orb.
     0 | D:1      | Reached XP level 1. HP: 13/13 MP: 3/3
    82 | D:1      | Reached XP level 2. HP: 11/18 MP: 5/5
   590 | D:1      | Reached XP level 3. HP: 21/23 MP: 6/6
   825 | D:1      | Reached skill level 1 in Stealth
  1079 | D:2      | Reached skill level 4 in Unarmed Combat
  1167 | D:2      | Reached XP level 4. HP: 26/28 MP: 5/7
  1252 | D:2      | Found a hide-covered altar of Uskayaw.
  1445 | D:2      | Slain by an adder

Skill      XL: |  1  2  3 |
---------------+----------+-----
Stealth        | 1 |  1.0
Unarmed Combat | 4 |  4.5
Fighting       | |  1.0
Dodging        | |  2.1
Spellcasting   | |  2.1
Transmutations | |  2.3

Action                   |  1- 3 |  4- 6 || total
-------------------------+-------+-------++-------
Melee: Unarmed           |    70 |    21 ||    91
       Constrict         |    22 |     3 ||    25
       Tentacles         |     8 |     2 ||    10
       Punch             |       |     1 ||     1
 Cast: Beastly Appendage |     2 |       ||     2
  Use: Potion            |     3 |     1 ||     4
       Scroll            |     1 |       ||     1
 Stab: Sleeping          |     7 |     2 ||     9
  Eat: Chunk             |     1 |       ||     1
Armor: Skin              |    12 |     3 ||    15
Dodge: Dodged            |    53 |    12 ||    65
